Panthers vs Kraken

Created - 1 octobre 2021 at 15:24

Simulating a Pre-Season

Goals
1 2 3 T
Panthers 0 1 2 3
Kraken 0 5 1 6
Shots
1 2 3 T
Panthers 11 9 11 31
Kraken 12 19 10 41

1st period

No Goal

Penalties :
No Penalty

2nd period

1. Kraken , Alex DeBrincat 7 (Jonathon Merrill 3, Kirill Kaprizov 5) at 2:29
2. Kraken , Tyler Johnson 3 (Conor Sheary 4, Jared Spurgeon 3) at 3:56
3. Kraken , Chandler Stephenson 2 (Alex DeBrincat 6, Kirill Kaprizov 6) at 5:37 (PP)
4. Kraken , Conor Sheary 1 (Colin White 3, Tyler Johnson 2) at 9:21
5. Panthers , Taylor Hall 2 (Andrew Peeke 1, Vincent Trocheck 2) at 15:38
6. Kraken , Cole Caufield 1 (Blake Lizotte 2, Michael Anderson 4) at 18:02

Penalties :
Taylor Hall (FLA) for Cross-checking (Minor) at 5:22, Colin White (SEA) for Hooking (Minor) at 18:58

3rd period

7. Panthers , Mats Zuccarello 3 (Vincent Trocheck 3, Taylor Hall 5) at 13:26 (PP)
8. Panthers , Marcus Foligno 2 (Kevin Labanc 3) at 16:07
9. Kraken , Conor Garland 6 (Jack Hughes 6, Sergei Bobrovsky) at 18:11 (PP)

Penalties :
Taylor Hall (FLA) for Holding (Minor) at 9:58, Chandler Stephenson (SEA) for Roughing (Minor) at 13:09, Marcus Foligno (FLA) for Hooking (Minor) at 17:34

Goalie Stats

Pekka Rinne (FLA), 35 saves from 41 shots - (0,854), L, 1-5-0, 60:00 minutes
Sergei Bobrovsky (SEA), 28 saves from 31 shots - (0,903), W, 1-0-1, 60:00 minutes

Players Stats for Panthers

Player Name              G  A  P  +/- PIM S  H  SB GA TA FO     MP     PP MP  PK MP  
------------------------------------------------------------------------------------
Andrew Peeke             0  1  1  -1  0   1  1  2  0  0  0/0    10:15   0:00   0:36 
Garnet Hathaway          0  0  0   0  0   0  0  0  0  0  1/2     5:51   0:00   0:00 
Greg Pateryn             0  0  0   0  0   0  0  1  0  0  0/0     1:21   0:00   0:00 
Jamie Oleksiak           0  0  0   2  0   0  1  0  0  1  0/0    29:02   1:43   1:53 
Josh Archibald           0  0  0   0  0   2  0  1  0  0  1/2    14:27   0:00   0:00 
Joshua Norris            0  0  0   0  0   2  0  1  0  0  3/7    14:44   0:00   0:17 
Kevin Labanc             0  1  1  -1  0   5  2  0  2  0  1/1    22:07   0:46   0:19 
Marcus Foligno           1  0  1  -1  2   5  1  0  1  0  0/3    18:02   0:46   1:21 
Mats Zuccarello          1  0  1  -1  0   2  2  0  1  0  0/1    20:31   1:30   0:00 
Matt Moulson             0  0  0   0  0   1  2  0  1  1  0/0    15:09   0:00   0:42 
Mike Matheson            0  0  0  -2  0   1  2  0  0  0  0/0    11:51   0:33   0:00 
Nathan Beaulieu          0  0  0  -2  0   0  2  1  0  1  0/0    22:50   0:00   0:22 
Nikita Gusev             0  0  0   0  0   0  2  0  0  0  0/0     6:37   0:00   0:46 
Sami Vatanen             0  0  0  -2  0   0  4  4  0  1  0/0    20:02   0:33   0:58 
Taylor Hall              1  1  2  -1  4   4  1  0  2  0  0/1    20:30   1:30   0:00 
Travis Zajac             0  0  0  -1  0   3  1  0  0  0  15/25  16:38   0:46   0:19 
Tyson Barrie             0  0  0   1  0   4  1  3  1  2  0/0    24:39   1:43   1:53 
Vincent Trocheck         0  2  2  -1  0   1  2  1  1  0  13/28  22:30   1:30   1:58 

Players Stats for Kraken

Player Name              G  A  P  +/- PIM S  H  SB GA TA FO     MP     PP MP  PK MP  
------------------------------------------------------------------------------------
Alex DeBrincat           1  1  2   1  0   3  0  2  0  0  3/4    21:46   1:47   1:50 
Andrew Mangiapane        0  0  0   0  0   1  2  0  1  0  0/2    17:40   1:04   0:00 
Blake Lizotte            0  1  1   1  0   0  0  0  0  0  4/7     9:47   0:00   1:44 
Chandler Stephenson      1  0  1   1  2   3  3  0  0  1  13/21  19:48   1:47   0:00 
Cole Caufield            1  0  1   1  0   2  1  0  0  1  1/1     7:40   0:00   0:00 
Colin White              0  1  1   0  2   2  1  1  0  0  0/0    12:52   0:00   0:00 
Conor Garland            1  0  1   0  0   4  4  0  0  0  0/0    17:40   1:04   0:00 
Conor Sheary             1  1  2   0  0   5  3  0  1  0  1/1    12:44   0:00   0:32 
Jack Hughes              0  1  1   0  0   0  2  0  1  0  9/24   18:19   1:04   0:01 
Jared Spurgeon           0  1  1   1  0   0  0  1  0  0  0/0    12:32   0:15   0:00 
Jonathon Merrill         0  1  1   0  0   0  2  0  0  2  0/0    22:38   0:22   0:51 
Kirill Kaprizov          0  2  2   1  0   4  0  0  0  0  0/2    19:49   1:47   0:00 
Mark Giordano            0  0  0   0  0   2  1  2  0  0  0/0    22:47   1:38   0:51 
Michael Anderson         0  1  1   1  0   2  0  0  0  1  0/0    21:02   1:13   1:25 
Radim Zohorna            0  0  0   1  0   2  0  1  0  0  0/0     7:07   0:00   0:00 
Tyler Johnson            1  1  2   0  0   7  2  0  3  2  5/8    12:37   0:00   0:25 
Zach Werenski            0  0  0   1  0   2  3  0  0  1  0/0    23:52   2:14   1:25 
Zach Whitecloud          0  0  0   1  0   2  1  1  0  1  0/0    17:02   0:00   0:00 

3 Stars

1 - Conor Sheary (SEA)
2 - Alex DeBrincat (SEA)
3 - Tyler Johnson (SEA)

Power Play

Panthers - 1 on 2 Attempt(s) - 50,00%
Kraken - 2 on 3 Attempt(s) - 66,67%

Penalty Kill

Panthers - 1 on 3 Attempt(s) - 33,33% - Score 0 goal in Penalty Kill
Kraken - 1 on 2 Attempt(s) - 50,00% - Score 0 goal in Penalty Kill

Team Stat

Panthers - Hits : 24 - Faceoff Wins : 34 - Blocked Shots : 14 - Penalty Minutes : 6
Kraken - Hits : 25 - Faceoff Wins : 36 - Blocked Shots : 8 - Penalty Minutes : 4

Official

Referees : Brandon Blandina and Wes McCauley
Linesman : Justin Cornell and Julien Fournier

Game Notes

Greg Pateryn is injured at 4:50 of 1st period (Sprained Right Finger)
9:21 of 2nd period - Kraken goal is going for a video replay. After video review, Goal.
Jared Spurgeon is injured at 13:06 of 2nd period (Back)
Radim Zohorna is injured at 12:52 of 3rd period (Bruised Right Shoulder)

Panthers

5 vs 5 Forward 
   Center                   Left Wing                Right Wing               Time % Phy DF OF 
 1 Vincent Trocheck         Taylor Hall              Mats Zuccarello          37     1   2  2  
 2 Travis Zajac             Marcus Foligno           Kevin Labanc             33     1   2  2  
 3 Joshua Norris            Josh Archibald           Matt Moulson             22     1   2  2  
 4 Garnet Hathaway          Kevin Labanc             Nikita Gusev             8      1   2  2  

5 vs 5 Defense 
   Defense                  Defense                                           Time % Phy DF OF 
 1 Tyson Barrie             Jamie Oleksiak                                    38     1   2  2  
 2 Sami Vatanen             Greg Pateryn                                      33     1   2  2  
 3 Mike Matheson            Nathan Beaulieu                                   21     1   2  2  
 4 Andrew Peeke             Jamie Oleksiak                                    8      1   2  2  

PowerPlay Forward 
   Center                   Left Wing                Right Wing               Time % Phy DF OF 
 1 Vincent Trocheck         Taylor Hall              Mats Zuccarello          60     1   2  2  
 2 Travis Zajac             Marcus Foligno           Kevin Labanc             40     1   2  2  

PowerPlay Defense
   Defense                  Defense                                           Time % Phy DF OF 
 1 Jamie Oleksiak           Tyson Barrie                                      60     1   2  2  
 2 Sami Vatanen             Greg Pateryn                                      40     1   2  2  

Penalty Kill 4 Players Forward 
   Center                   Wing                     Time % Phy DF OF 
 1 Vincent Trocheck         Marcus Foligno           60     1   2  2  
 2 Travis Zajac             Kevin Labanc             40     1   2  2  

Penalty Kill 4 Players Defense
   Defense                  Defense                  Time % Phy DF OF 
 1 Tyson Barrie             Jamie Oleksiak           60     1   2  2  
 2 Sami Vatanen             Greg Pateryn             40     1   2  2  

Penalty Kill - 3 Players Forward 
   Forward                                           Time % Phy DF OF 
 1 Vincent Trocheck                                  60     1   2  2  
 2 Travis Zajac                                      40     1   2  2  

Penalty Kill - 3 Players Defense
   Defense                  Defense                  Time % Phy DF OF 
 1 Tyson Barrie             Jamie Oleksiak           60     1   2  2  
 2 Sami Vatanen             Greg Pateryn             40     1   2  2  

4 vs 4 Forward 
   Center                   Wing                     Time % Phy DF OF 
 1 Vincent Trocheck         Taylor Hall              60     1   2  2  
 2 Travis Zajac             Mats Zuccarello          40     1   2  2  

4 vs 4 Defense
   Defense                  Defense                  Time % Phy DF OF 
 1 Tyson Barrie             Jamie Oleksiak           60     1   2  2  
 2 Mike Matheson            Greg Pateryn             40     1   2  2  

Last Minutes Offensive
   Center                   Left Wing                Right Wing               Defense                  Defense                  
   Vincent Trocheck         Taylor Hall              Mats Zuccarello          Tyson Barrie             Jamie Oleksiak           

Last Minutes Defensive
   Center                   Left Wing                Right Wing               Defense                  Defense                  
   Travis Zajac             Marcus Foligno           Kevin Labanc             Sami Vatanen             Greg Pateryn             

Goaltenders
Starting : Pekka Rinne              
Backup : Antti Raanta             

Extra Forwards
Normal : Joshua Norris, Garnet Hathaway, Matt Moulson - PP : Joshua Norris, Garnet Hathaway - PK : Matt Moulson
Extra Defensemen
Normal : Sami Vatanen, Nathan Beaulieu, Andrew Peeke - PP : Sami Vatanen - PK : Nathan Beaulieu, Andrew Peeke
Penalty Shots
Mats Zuccarello, Travis Zajac, Taylor Hall, Kevin Labanc, Joshua Norris
Custom OT Lines Forwards
Vincent Trocheck, Travis Zajac, Taylor Hall, Kevin Labanc, Mats Zuccarello, Marcus Foligno, Josh Archibald, Garnet Hathaway, Matt Moulson, Nikita Gusev
Custom OT Lines Defensemen
Tyson Barrie, Jamie Oleksiak, Greg Pateryn, Sami Vatanen, Mike Matheson

Scratches
Jonas Siegenthaler (Healthy), Tim Schaller (Healthy), Anthony Stolarz (Healthy)

Kraken

5 vs 5 Forward 
   Center                   Left Wing                Right Wing               Time % Phy DF OF 
 1 Chandler Stephenson      Alex DeBrincat           Kirill Kaprizov          34     0   1  4  
 2 Jack Hughes              Conor Garland            Andrew Mangiapane        33     0   1  4  
 3 Tyler Johnson            Colin White              Conor Sheary             23     0   2  3  
 4 Blake Lizotte            Radim Zohorna            Cole Caufield            10     0   2  3  

5 vs 5 Defense 
   Defense                  Defense                                           Time % Phy DF OF 
 1 Mark Giordano            Jared Spurgeon                                    35     0   2  3  
 2 Zach Werenski            Michael Anderson                                  34     1   2  2  
 3 Zach Whitecloud          Jonathon Merrill                                  30     1   3  1  
 4 Mark Giordano            Jared Spurgeon                                    1      1   2  2  

PowerPlay Forward 
   Center                   Left Wing                Right Wing               Time % Phy DF OF 
 1 Chandler Stephenson      Alex DeBrincat           Kirill Kaprizov          53     0   0  5  
 2 Jack Hughes              Conor Garland            Andrew Mangiapane        47     0   0  5  

PowerPlay Defense
   Defense                  Defense                                           Time % Phy DF OF 
 1 Mark Giordano            Jared Spurgeon                                    50     0   2  3  
 2 Zach Werenski            Michael Anderson                                  50     0   2  3  

Penalty Kill 4 Players Forward 
   Center                   Wing                     Time % Phy DF OF 
 1 Blake Lizotte            Alex DeBrincat           60     1   3  1  
 2 Colin White              Tyler Johnson            40     1   3  1  

Penalty Kill 4 Players Defense
   Defense                  Defense                  Time % Phy DF OF 
 1 Mark Giordano            Jared Spurgeon           50     1   4  0  
 2 Zach Werenski            Michael Anderson         50     1   4  0  

Penalty Kill - 3 Players Forward 
   Forward                                           Time % Phy DF OF 
 1 Blake Lizotte                                     60     1   2  2  
 2 Chandler Stephenson                               40     1   2  2  

Penalty Kill - 3 Players Defense
   Defense                  Defense                  Time % Phy DF OF 
 1 Mark Giordano            Jared Spurgeon           60     1   2  2  
 2 Zach Werenski            Jonathon Merrill         40     1   2  2  

4 vs 4 Forward 
   Center                   Wing                     Time % Phy DF OF 
 1 Alex DeBrincat           Kirill Kaprizov          50     0   1  4  
 2 Chandler Stephenson      Conor Garland            50     0   1  4  

4 vs 4 Defense
   Defense                  Defense                  Time % Phy DF OF 
 1 Mark Giordano            Jared Spurgeon           50     1   2  2  
 2 Zach Werenski            Michael Anderson         50     1   2  2  

Last Minutes Offensive
   Center                   Left Wing                Right Wing               Defense                  Defense                  
   Chandler Stephenson      Alex DeBrincat           Kirill Kaprizov          Mark Giordano            Jared Spurgeon           

Last Minutes Defensive
   Center                   Left Wing                Right Wing               Defense                  Defense                  
   Chandler Stephenson      Alex DeBrincat           Kirill Kaprizov          Mark Giordano            Jared Spurgeon           

Goaltenders
Starting : Sergei Bobrovsky         
Backup : Pavel Francouz           

Extra Forwards
Normal : Jack Hughes, Colin White, Conor Sheary - PP : Jack Hughes, Colin White - PK : Conor Sheary
Extra Defensemen
Normal : Mark Giordano, Jonathon Merrill, Zach Werenski - PP : Mark Giordano - PK : Jonathon Merrill, Zach Werenski
Penalty Shots
Mark Giordano, Conor Garland, Chandler Stephenson, Conor Sheary, Colin White
Custom OT Lines Forwards
Alex DeBrincat, Kirill Kaprizov, Chandler Stephenson, Conor Garland, Andrew Mangiapane, Jack Hughes, Tyler Johnson, Colin White, Conor Sheary, Blake Lizotte
Custom OT Lines Defensemen
Mark Giordano, Jared Spurgeon, Zach Werenski, Michael Anderson, Jonathon Merrill

Scratches
Jimmy Vesey (Healthy), Matt Irwin (Healthy), Igor Shesterkin (Healthy)

% Time on Ice - Panthers

Lines # - Real PCT - Wanted PCT - Time Play
Normal Forward
1 - 35% - 37% - 19:02
2 - 28% - 33% - 15:33
3 - 26% - 22% - 14:27
4 - 11% - 8% - 5:51
Normal Defense
1 - 38% - 38% - 21:03
2 - 34% - 33% - 18:31
3 - 20% - 21% - 10:56
4 - 8% - 8% - 4:23
PP Forward
1 - 66% - 60% - 1:30
2 - 34% - 40% - 0:46
PP Defense
1 - 76% - 60% - 1:43
2 - 24% - 40% - 0:33
PK Forward
1 - 89% - 60% - 2:32
2 - 11% - 40% - 0:19
PK Defense
1 - 66% - 60% - 1:53
2 - 34% - 40% - 0:58
PK3 Forward
1 - 0% - 60%
2 - 0% - 40%
PK3 Defense
1 - 0% - 60%
2 - 0% - 40%
44 Forward
1 - 0% - 60%
2 - 0% - 40%
44 Defense
1 - 0% - 60%
2 - 0% - 40%
Last Minute Offensive  - 0:00
Last Minute Defensive  - 0:00
Total
Forward - 60:00
Defense - 60:00

% Time on Ice - Kraken

Lines # - Real PCT - Wanted PCT - Time Play
Normal Forward
1 - 34% - 34% - 18:25
2 - 30% - 33% - 16:36
3 - 22% - 23% - 12:12
4 - 14% - 10% - 7:40
Normal Defense
1 - 36% - 35% - 19:33
2 - 33% - 34% - 18:13
3 - 29% - 30% - 16:05
4 - 2% - 1% - 1:02
PP Forward
1 - 63% - 53% - 1:47
2 - 37% - 47% - 1:04
PP Defense
1 - 65% - 50% - 1:52
2 - 35% - 50% - 0:59
PK Forward
1 - 82% - 60% - 1:51
2 - 18% - 40% - 0:25
PK Defense
1 - 38% - 50% - 0:51
2 - 63% - 50% - 1:25
PK3 Forward
1 - 0% - 60%
2 - 0% - 40%
PK3 Defense
1 - 0% - 60%
2 - 0% - 40%
44 Forward
1 - 0% - 50%
2 - 0% - 50%
44 Defense
1 - 0% - 50%
2 - 0% - 50%
Last Minute Offensive  - 0:00
Last Minute Defensive  - 0:00
Total
Forward - 60:00
Defense - 60:00

Play-by-Play

1st period


0:01 of 1st period - Vincent Trocheck wins face-off versus Kirill Kaprizov in neutral zone.
0:06 of 1st period - Slapshot by Taylor Hall.
0:06 of 1st period - Shot Blocked by Alex DeBrincat.
0:08 of 1st period - Wrist shot by Vincent Trocheck.
0:08 of 1st period - Shot Misses the Net.
0:45 of 1st period - Icing by Chandler Stephenson.
0:46 of 1st period - Jack Hughes wins face-off versus Travis Zajac in Kraken zone.
1:16 of 1st period - Wrist shot by Mats Zuccarello.
1:16 of 1st period - Stopped by Sergei Bobrovsky with a rebound.
1:30 of 1st period - Vincent Trocheck is hit by Conor Sheary and loses puck.
1:45 of 1st period - Wrist shot by Taylor Hall.
1:45 of 1st period - Stopped by Sergei Bobrovsky with a rebound.
1:47 of 1st period - Snap shot by Vincent Trocheck.
1:47 of 1st period - Shot Misses the Net.
1:49 of 1st period - Slapshot by Taylor Hall.
1:49 of 1st period - Shot Blocked by Mark Giordano.
1:51 of 1st period - Backhand shot by Mike Matheson.
1:51 of 1st period - Stopped by Sergei Bobrovsky without a rebound.
1:52 of 1st period - Blake Lizotte wins face-off versus Garnet Hathaway in Kraken zone.
2:07 of 1st period - Snap shot by Radim Zohorna.
2:07 of 1st period - Stopped by Pekka Rinne with a rebound.
2:42 of 1st period - Zach Whitecloud is hit by Marcus Foligno and loses puck.
3:27 of 1st period - Matt Moulson is hit by Jonathon Merrill and loses puck.
3:42 of 1st period - Snap shot by Joshua Norris.
3:42 of 1st period - Shot Misses the Net.
3:44 of 1st period - Wrist shot by Matt Moulson.
3:44 of 1st period - Stopped by Sergei Bobrovsky without a rebound.
3:45 of 1st period - Travis Zajac wins face-off versus Jack Hughes in Kraken zone.
3:58 of 1st period - Wrist shot by Marcus Foligno.
3:58 of 1st period - Shot Misses the Net.
4:46 of 1st period - Snap shot by Conor Sheary.
4:46 of 1st period - Stopped by Pekka Rinne without a rebound.
4:47 of 1st period - Tyler Johnson wins face-off versus Marcus Foligno in Panthers zone.
4:50 of 1st period - Wrist shot by Colin White.
4:50 of 1st period - Shot Blocked by Greg Pateryn.
4:50 of 1st period - Greg Pateryn from Panthers is injured at 4:50 of 1st period (Sprained Right Finger).
4:51 of 1st period - Travis Zajac wins face-off versus Chandler Stephenson in Panthers zone.
5:16 of 1st period - Jamie Oleksiak is hit by Andrew Mangiapane.
5:44 of 1st period - Slapshot by Tyler Johnson.
5:44 of 1st period - Deflect By Colin White.
5:44 of 1st period - Shot Blocked by Sami Vatanen.
5:44 of 1st period - Puck is out of play.
5:45 of 1st period - Chandler Stephenson wins face-off versus Travis Zajac in Panthers zone.
5:58 of 1st period - Snap shot by Kevin Labanc.
5:58 of 1st period - Stopped by Sergei Bobrovsky without a rebound.
5:59 of 1st period - Tyler Johnson wins face-off versus Vincent Trocheck in Kraken zone.
6:10 of 1st period - Snap shot by Vincent Trocheck.
6:10 of 1st period - Stopped by Sergei Bobrovsky with a rebound.
6:53 of 1st period - Sami Vatanen is hit by Jack Hughes.
7:03 of 1st period - Chandler Stephenson is hit by Vincent Trocheck and loses puck.
7:49 of 1st period - Slapshot by Radim Zohorna.
7:49 of 1st period - Stopped by Pekka Rinne without a rebound.
7:50 of 1st period - Blake Lizotte wins face-off versus Vincent Trocheck in Panthers zone.
7:59 of 1st period - Snap shot by Vincent Trocheck.
7:59 of 1st period - Shot Misses the Net.
8:01 of 1st period - Snap shot by Vincent Trocheck.
8:01 of 1st period - Shot Misses the Net.
8:03 of 1st period - Slapshot by Tyson Barrie.
8:03 of 1st period - Stopped by Sergei Bobrovsky with a rebound.
8:44 of 1st period - Snap shot by Marcus Foligno.
8:44 of 1st period - Stopped by Sergei Bobrovsky with a rebound.
8:46 of 1st period - Snap shot by Kevin Labanc.
8:46 of 1st period - Stopped by Sergei Bobrovsky without a rebound.
8:47 of 1st period - Vincent Trocheck wins face-off versus Jack Hughes in Kraken zone.
9:25 of 1st period - Alex DeBrincat is hit by Matt Moulson and loses puck.
9:36 of 1st period - Sami Vatanen is hit by Zach Werenski and loses puck.
10:22 of 1st period - Jamie Oleksiak is hit by Conor Garland and loses puck.
10:43 of 1st period - Snap shot by Alex DeBrincat.
10:43 of 1st period - Shot Blocked by Andrew Peeke.
10:55 of 1st period - Marcus Foligno is hit by Conor Sheary and loses puck.
11:00 of 1st period - Wrist shot by Conor Sheary.
11:00 of 1st period - Shot Misses the Net.
11:02 of 1st period - Snap shot by Zach Werenski.
11:02 of 1st period - Stopped by Pekka Rinne without a rebound.
11:03 of 1st period - Vincent Trocheck wins face-off versus Jack Hughes in Panthers zone.
11:41 of 1st period - Slapshot by Conor Sheary.
11:41 of 1st period - Stopped by Pekka Rinne with a rebound.
11:43 of 1st period - Slapshot by Zach Werenski.
11:43 of 1st period - Stopped by Pekka Rinne without a rebound.
11:44 of 1st period - Chandler Stephenson wins face-off versus Joshua Norris in Panthers zone.
12:12 of 1st period - Off-side.
12:13 of 1st period - Vincent Trocheck wins face-off versus Andrew Mangiapane in neutral zone.
12:38 of 1st period - Jonathon Merrill is hit by Mike Matheson and loses puck.
12:42 of 1st period - Icing by Jonathon Merrill.
12:43 of 1st period - Jack Hughes wins face-off versus Marcus Foligno in Kraken zone.
13:10 of 1st period - Snap shot by Andrew Mangiapane.
13:10 of 1st period - Shot Misses the Net.
13:31 of 1st period - Sami Vatanen is hit by Zach Whitecloud and loses puck.
13:38 of 1st period - Wrist shot by Conor Garland.
13:38 of 1st period - Stopped by Pekka Rinne with a rebound.
13:40 of 1st period - Slapshot by Zach Whitecloud.
13:40 of 1st period - Stopped by Pekka Rinne without a rebound.
13:41 of 1st period - Alex DeBrincat wins face-off versus Vincent Trocheck in Panthers zone.
13:42 of 1st period - Slapshot by Kirill Kaprizov.
13:42 of 1st period - Shot Misses the Net.
14:08 of 1st period - Icing by Zach Werenski.
14:09 of 1st period - Josh Archibald wins face-off versus Tyler Johnson in Kraken zone.
14:14 of 1st period - Snap shot by Josh Archibald.
14:14 of 1st period - Stopped by Sergei Bobrovsky without a rebound.
14:15 of 1st period - Chandler Stephenson wins face-off versus Travis Zajac in Kraken zone.
14:15 of 1st period - Chandler Stephenson is hit by Travis Zajac.
14:47 of 1st period - Snap shot by Mats Zuccarello.
14:47 of 1st period - Shot Misses the Net.
14:49 of 1st period - Slapshot by Nathan Beaulieu.
14:49 of 1st period - Shot Misses the Net.
15:03 of 1st period - Slapshot by Tyson Barrie.
15:03 of 1st period - Stopped by Sergei Bobrovsky without a rebound.
15:04 of 1st period - Cole Caufield wins face-off versus Josh Archibald in Kraken zone.
15:29 of 1st period - Josh Archibald is hit by Zach Werenski and loses puck.
15:36 of 1st period - Backhand shot by Radim Zohorna.
15:36 of 1st period - Shot Blocked by Josh Archibald.
15:38 of 1st period - Snap shot by Zach Werenski.
15:38 of 1st period - Shot Blocked by Sami Vatanen.
15:40 of 1st period - Slapshot by Michael Anderson.
15:40 of 1st period - Deflect By Cole Caufield.
15:40 of 1st period - Stopped by Pekka Rinne with a rebound.
15:42 of 1st period - Slapshot by Michael Anderson.
15:42 of 1st period - Stopped by Pekka Rinne without a rebound.
15:43 of 1st period - Travis Zajac wins face-off versus Chandler Stephenson in Panthers zone.
16:01 of 1st period - Mark Giordano is hit by Kevin Labanc and loses puck.
17:18 of 1st period - Icing by Alex DeBrincat.
17:19 of 1st period - Travis Zajac wins face-off versus Jack Hughes in Kraken zone.
17:51 of 1st period - Off-side.
17:52 of 1st period - Chandler Stephenson wins face-off versus Joshua Norris in neutral zone.
18:01 of 1st period - Snap shot by Kirill Kaprizov.
18:01 of 1st period - Stopped by Pekka Rinne with a rebound.
18:03 of 1st period - Slapshot by Zach Whitecloud.
18:03 of 1st period - Stopped by Pekka Rinne with a rebound.
18:05 of 1st period - Snap shot by Kirill Kaprizov.
18:05 of 1st period - Shot Misses the Net.
19:48 of 1st period - Joshua Norris is hit by Andrew Mangiapane and loses puck.
Goals for this period are 0 for Panthers vs 0 for Kraken.
Shots for this period are 11 for Panthers vs 12 for Kraken.

2nd period


0:01 of 2nd period - Chandler Stephenson wins face-off versus Travis Zajac in neutral zone.
0:23 of 2nd period - Icing by Jamie Oleksiak.
0:24 of 2nd period - Conor Sheary wins face-off versus Vincent Trocheck in Panthers zone.
0:25 of 2nd period - Snap shot by Tyler Johnson.
0:25 of 2nd period - Stopped by Pekka Rinne without a rebound.
0:26 of 2nd period - Vincent Trocheck wins face-off versus Tyler Johnson in Panthers zone.
0:33 of 2nd period - Wrist shot by Vincent Trocheck.
0:33 of 2nd period - Shot Misses the Net.
0:48 of 2nd period - Icing by Vincent Trocheck.
0:49 of 2nd period - Chandler Stephenson wins face-off versus Travis Zajac in Panthers zone.
0:50 of 2nd period - Wrist shot by Alex DeBrincat.
0:50 of 2nd period - Stopped by Pekka Rinne with a rebound.
2:25 of 2nd period - Snap shot by Alex DeBrincat.
2:25 of 2nd period - Shot Misses the Net.
2:27 of 2nd period - Snap shot by Jonathon Merrill.
2:27 of 2nd period - Shot Blocked by Vincent Trocheck.
2:29 of 2nd period - Slapshot by Alex DeBrincat.
2:29 of 2nd period - Goal by Alex DeBrincat - Panthers : 0 - Kraken : 1.
2:30 of 2nd period - Chandler Stephenson wins face-off versus Travis Zajac in neutral zone.
2:57 of 2nd period - Jack Hughes is hit by Jamie Oleksiak and loses puck.
3:18 of 2nd period - Icing by Jack Hughes.
3:19 of 2nd period - Jack Hughes wins face-off versus Joshua Norris in Kraken zone.
3:48 of 2nd period - Snap shot by Travis Zajac.
3:48 of 2nd period - Shot Misses the Net.
3:56 of 2nd period - Snap shot by Tyler Johnson.
3:56 of 2nd period - Goal by Tyler Johnson - Panthers : 0 - Kraken : 2.
3:57 of 2nd period - Travis Zajac wins face-off versus Jack Hughes in neutral zone.
4:06 of 2nd period - Snap shot by Jack Hughes.
4:06 of 2nd period - Shot Blocked by Sami Vatanen.
4:49 of 2nd period - Icing by Josh Archibald.
4:50 of 2nd period - Joshua Norris wins face-off versus Jack Hughes in Panthers zone.
4:57 of 2nd period - Slapshot by Joshua Norris.
4:57 of 2nd period - Stopped by Sergei Bobrovsky without a rebound.
4:58 of 2nd period - Travis Zajac wins face-off versus Andrew Mangiapane in Kraken zone.
5:22 of 2nd period - Minor Penalty to Taylor Hall for Cross-checking.
5:23 of 2nd period - Chandler Stephenson wins face-off versus Vincent Trocheck in Panthers zone.
5:35 of 2nd period - Slapshot by Alex DeBrincat.
5:35 of 2nd period - Stopped by Pekka Rinne with a rebound.
5:37 of 2nd period - Snap shot by Chandler Stephenson.
5:37 of 2nd period - Goal by Chandler Stephenson - Panthers : 0 - Kraken : 3.
5:38 of 2nd period - Vincent Trocheck wins face-off versus Chandler Stephenson in neutral zone.
6:12 of 2nd period - Marcus Foligno is hit by Conor Garland.
6:45 of 2nd period - Tyson Barrie is hit by Chandler Stephenson and loses puck.
7:04 of 2nd period - Slapshot by Tyson Barrie.
7:04 of 2nd period - Deflect By Mats Zuccarello.
7:04 of 2nd period - Shot Blocked by Mark Giordano.
7:04 of 2nd period - Puck is out of play.
7:05 of 2nd period - Blake Lizotte wins face-off versus Vincent Trocheck in Kraken zone.
7:05 of 2nd period - Blake Lizotte is hit by Mats Zuccarello.
7:16 of 2nd period - Mark Giordano is hit by Sami Vatanen and loses puck.
7:38 of 2nd period - Backhand shot by Jack Hughes.
7:38 of 2nd period - Shot Misses the Net.
7:54 of 2nd period - Wrist shot by Conor Sheary.
7:54 of 2nd period - Stopped by Pekka Rinne with a rebound.
7:56 of 2nd period - Snap shot by Tyler Johnson.
7:56 of 2nd period - Stopped by Pekka Rinne with a rebound.
8:36 of 2nd period - Kevin Labanc is hit by Cole Caufield and loses puck.
9:17 of 2nd period - Snap shot by Tyler Johnson.
9:17 of 2nd period - Stopped by Pekka Rinne with a rebound.
9:19 of 2nd period - Slapshot by Colin White.
9:19 of 2nd period - Stopped by Pekka Rinne with a rebound.
9:21 of 2nd period - Snap shot by Conor Sheary.
9:21 of 2nd period - Kraken goal is going for a video replay.
9:21 of 2nd period - The goal is good.
9:21 of 2nd period - Goal by Conor Sheary - Panthers : 0 - Kraken : 4.
9:22 of 2nd period - Chandler Stephenson wins face-off versus Mats Zuccarello in neutral zone.
9:31 of 2nd period - Snap shot by Alex DeBrincat.
9:31 of 2nd period - Deflect By Chandler Stephenson.
9:31 of 2nd period - Stopped by Pekka Rinne without a rebound.
9:32 of 2nd period - Chandler Stephenson wins face-off versus Vincent Trocheck in Panthers zone.
9:41 of 2nd period - Wrist shot by Kirill Kaprizov.
9:41 of 2nd period - Stopped by Pekka Rinne with a rebound.
9:43 of 2nd period - Snap shot by Alex DeBrincat.
9:43 of 2nd period - Shot Misses the Net.
9:45 of 2nd period - Slapshot by Zach Werenski.
9:45 of 2nd period - Shot Misses the Net.
9:47 of 2nd period - Backhand shot by Michael Anderson.
9:47 of 2nd period - Shot Misses the Net.
9:49 of 2nd period - Slapshot by Michael Anderson.
9:49 of 2nd period - Stopped by Pekka Rinne with a rebound.
10:19 of 2nd period - Snap shot by Kirill Kaprizov.
10:19 of 2nd period - Shot Blocked by Tyson Barrie.
10:31 of 2nd period - Backhand shot by Kirill Kaprizov.
10:31 of 2nd period - Shot Misses the Net.
10:39 of 2nd period - Snap shot by Kirill Kaprizov.
10:39 of 2nd period - Stopped by Pekka Rinne without a rebound.
10:40 of 2nd period - Travis Zajac wins face-off versus Jack Hughes in Panthers zone.
10:40 of 2nd period - Travis Zajac is hit by Mark Giordano.
10:48 of 2nd period - Slapshot by Marcus Foligno.
10:48 of 2nd period - Shot Misses the Net.
10:50 of 2nd period - Wrist shot by Travis Zajac.
10:50 of 2nd period - Stopped by Sergei Bobrovsky with a rebound.
10:52 of 2nd period - Slapshot by Marcus Foligno.
10:52 of 2nd period - Stopped by Sergei Bobrovsky without a rebound.
10:53 of 2nd period - Travis Zajac wins face-off versus Jack Hughes in Kraken zone.
11:00 of 2nd period - Wrist shot by Kevin Labanc.
11:00 of 2nd period - Shot Misses the Net.
11:06 of 2nd period - Snap shot by Travis Zajac.
11:06 of 2nd period - Stopped by Sergei Bobrovsky with a rebound.
11:20 of 2nd period - Mark Giordano is hit by Matt Moulson and loses puck.
11:51 of 2nd period - Snap shot by Nikita Gusev.
11:51 of 2nd period - Shot Blocked by Zach Whitecloud.
12:21 of 2nd period - Slapshot by Kirill Kaprizov.
12:21 of 2nd period - Shot Blocked by Andrew Peeke.
12:33 of 2nd period - Wrist shot by Conor Sheary.
12:33 of 2nd period - Stopped by Pekka Rinne without a rebound.
12:34 of 2nd period - Tyler Johnson wins face-off versus Joshua Norris in Panthers zone.
12:45 of 2nd period - Snap shot by Tyler Johnson.
12:45 of 2nd period - Stopped by Pekka Rinne without a rebound.
12:46 of 2nd period - Jack Hughes wins face-off versus Vincent Trocheck in Panthers zone.
12:52 of 2nd period - Off-side.
12:53 of 2nd period - Jack Hughes wins face-off versus Vincent Trocheck in neutral zone.
12:56 of 2nd period - Snap shot by Andrew Mangiapane.
12:56 of 2nd period - Shot Misses the Net.
13:06 of 2nd period - Wrist shot by Mats Zuccarello.
13:06 of 2nd period - Shot Blocked by Jared Spurgeon.
13:06 of 2nd period - Jared Spurgeon from Kraken is injured at 13:06 of 2nd period (Back).
13:07 of 2nd period - Travis Zajac wins face-off versus Jack Hughes in Kraken zone.
13:08 of 2nd period - Snap shot by Kevin Labanc.
13:08 of 2nd period - Deflect By Travis Zajac.
13:08 of 2nd period - Stopped by Sergei Bobrovsky with a rebound.
13:24 of 2nd period - Slapshot by Conor Garland.
13:24 of 2nd period - Stopped by Pekka Rinne with a rebound.
14:26 of 2nd period - Snap shot by Kevin Labanc.
14:26 of 2nd period - Shot Blocked by Radim Zohorna.
14:28 of 2nd period - Slapshot by Tyson Barrie.
14:28 of 2nd period - Stopped by Sergei Bobrovsky without a rebound.
14:29 of 2nd period - Jack Hughes wins face-off versus Taylor Hall in Kraken zone.
14:29 of 2nd period - Jack Hughes is hit by Mats Zuccarello.
15:28 of 2nd period - Icing by Tyler Johnson.
15:29 of 2nd period - Tyler Johnson wins face-off versus Vincent Trocheck in Kraken zone.
15:34 of 2nd period - Slapshot by Vincent Trocheck.
15:34 of 2nd period - Shot Misses the Net.
15:36 of 2nd period - Slapshot by Andrew Peeke.
15:36 of 2nd period - Deflect By Mark Giordano.
15:36 of 2nd period - Stopped by Sergei Bobrovsky with a rebound.
15:38 of 2nd period - Wrist shot by Taylor Hall.
15:38 of 2nd period - Goal by Taylor Hall - Panthers : 1 - Kraken : 4.
15:39 of 2nd period - Jack Hughes wins face-off versus Travis Zajac in neutral zone.
15:42 of 2nd period - Snap shot by Conor Garland.
15:42 of 2nd period - Shot Misses the Net.
17:00 of 2nd period - Tyson Barrie is hit by Jack Hughes and loses puck.
17:13 of 2nd period - Vincent Trocheck is hit by Tyler Johnson and loses puck.
17:30 of 2nd period - Mark Giordano is hit by Kevin Labanc and loses puck.
18:02 of 2nd period - Slapshot by Blake Lizotte.
18:02 of 2nd period - Deflect By Cole Caufield.
18:02 of 2nd period - Goal by Cole Caufield - Panthers : 1 - Kraken : 5.
18:03 of 2nd period - Kevin Labanc wins face-off versus Jack Hughes in neutral zone.
18:35 of 2nd period - Slapshot by Mark Giordano.
18:35 of 2nd period - Shot Misses the Net.
18:58 of 2nd period - Minor Penalty to Colin White for Hooking.
18:59 of 2nd period - Vincent Trocheck wins face-off versus Blake Lizotte in Kraken zone.
19:01 of 2nd period - Wrist shot by Taylor Hall.
19:01 of 2nd period - Stopped by Sergei Bobrovsky without a rebound.
19:02 of 2nd period - Vincent Trocheck wins face-off versus Blake Lizotte in Kraken zone.
19:03 of 2nd period - Snap shot by Mats Zuccarello.
19:03 of 2nd period - Shot Misses the Net.
19:53 of 2nd period - Slapshot by Tyler Johnson.
19:53 of 2nd period - Shot Blocked by Sami Vatanen.
Goals for this period are 1 for Panthers vs 5 for Kraken.
Shots for this period are 9 for Panthers vs 19 for Kraken.

3rd period


0:01 of 3rd period - Blake Lizotte wins face-off versus Vincent Trocheck in neutral zone.
0:58 of 3rd period - Penalty to Colin White is over, Colin White is back on ice.
1:12 of 3rd period - Wrist shot by Joshua Norris.
1:12 of 3rd period - Stopped by Sergei Bobrovsky with a rebound.
2:04 of 3rd period - Off-side.
2:05 of 3rd period - Travis Zajac wins face-off versus Chandler Stephenson in neutral zone.
2:10 of 3rd period - Chandler Stephenson is hit by Mike Matheson and loses puck.
2:24 of 3rd period - Icing by Joshua Norris.
2:25 of 3rd period - Joshua Norris wins face-off versus Tyler Johnson in Panthers zone.
2:25 of 3rd period - Joshua Norris is hit by Jonathon Merrill.
2:41 of 3rd period - Wrist shot by Colin White.
2:41 of 3rd period - Stopped by Pekka Rinne without a rebound.
2:42 of 3rd period - Travis Zajac wins face-off versus Jack Hughes in Panthers zone.
3:08 of 3rd period - Kirill Kaprizov is hit by Vincent Trocheck and loses puck.
3:55 of 3rd period - Snap shot by Zach Werenski.
3:55 of 3rd period - Shot Misses the Net.
3:57 of 3rd period - Snap shot by Blake Lizotte.
3:57 of 3rd period - Shot Blocked by Nathan Beaulieu.
3:59 of 3rd period - Slapshot by Mark Giordano.
3:59 of 3rd period - Stopped by Pekka Rinne with a rebound.
4:48 of 3rd period - Icing by Zach Werenski.
4:49 of 3rd period - Joshua Norris wins face-off versus Kirill Kaprizov in Kraken zone.
5:02 of 3rd period - Slapshot by Chandler Stephenson.
5:02 of 3rd period - Shot Blocked by Joshua Norris.
5:14 of 3rd period - Slapshot by Kirill Kaprizov.
5:14 of 3rd period - Shot Misses the Net.
5:16 of 3rd period - Slapshot by Mark Giordano.
5:16 of 3rd period - Stopped by Pekka Rinne with a rebound.
5:18 of 3rd period - Slapshot by Mark Giordano.
5:18 of 3rd period - Deflect By Chandler Stephenson.
5:18 of 3rd period - Stopped by Pekka Rinne without a rebound.
5:19 of 3rd period - Jack Hughes wins face-off versus Vincent Trocheck in Panthers zone.
5:40 of 3rd period - Snap shot by Taylor Hall.
5:40 of 3rd period - Stopped by Sergei Bobrovsky with a rebound.
5:46 of 3rd period - Sami Vatanen is hit by Conor Sheary and loses puck.
5:51 of 3rd period - Slapshot by Tyler Johnson.
5:51 of 3rd period - Shot Misses the Net.
5:53 of 3rd period - Snap shot by Tyler Johnson.
5:53 of 3rd period - Stopped by Pekka Rinne with a rebound.
6:03 of 3rd period - Cole Caufield is hit by Andrew Peeke and loses puck.
6:10 of 3rd period - Blake Lizotte is hit by Sami Vatanen and loses puck.
7:03 of 3rd period - Garnet Hathaway is hit by Conor Garland and loses puck.
7:25 of 3rd period - Jamie Oleksiak is hit by Colin White and loses puck.
8:17 of 3rd period - Marcus Foligno is hit by Conor Garland and loses puck.
8:48 of 3rd period - Mark Giordano is hit by Tyson Barrie and loses puck.
8:55 of 3rd period - Cole Caufield is hit by Taylor Hall and loses puck.
9:22 of 3rd period - Slapshot by Tyson Barrie.
9:22 of 3rd period - Stopped by Sergei Bobrovsky without a rebound.
9:23 of 3rd period - Garnet Hathaway wins face-off versus Jack Hughes in Kraken zone.
9:47 of 3rd period - Jonathon Merrill is hit by Sami Vatanen.
9:58 of 3rd period - Minor Penalty to Taylor Hall for Holding.
9:59 of 3rd period - Chandler Stephenson wins face-off versus Marcus Foligno in Panthers zone.
10:10 of 3rd period - Snap shot by Alex DeBrincat.
10:10 of 3rd period - Shot Blocked by Tyson Barrie.
10:12 of 3rd period - Wrist shot by Zach Werenski.
10:12 of 3rd period - Deflect By Kirill Kaprizov.
10:12 of 3rd period - Shot Misses the Net.
10:12 of 3rd period - Puck is out of play.
10:13 of 3rd period - Vincent Trocheck wins face-off versus Alex DeBrincat in Panthers zone.
11:31 of 3rd period - Matt Moulson is hit by Chandler Stephenson and loses puck.
11:42 of 3rd period - Jonathon Merrill is hit by Nikita Gusev and loses puck.
11:58 of 3rd period - Penalty to Taylor Hall is over, Taylor Hall is back on ice.
12:05 of 3rd period - Joshua Norris is hit by Tyler Johnson and loses puck.
12:26 of 3rd period - Cole Caufield is hit by Nathan Beaulieu and loses puck.
12:31 of 3rd period - Slapshot by Vincent Trocheck.
12:31 of 3rd period - Shot Hit the Post.
12:51 of 3rd period - Radim Zohorna is hit by Nikita Gusev and loses puck.
12:52 of 3rd period - Radim Zohorna from Kraken is injured at 12:52 of 3rd period (Bruised Right Shoulder).
12:53 of 3rd period - Travis Zajac wins face-off versus Jack Hughes in Kraken zone.
12:58 of 3rd period - Wrist shot by Kevin Labanc.
12:58 of 3rd period - Stopped by Sergei Bobrovsky with a rebound.
13:00 of 3rd period - Wrist shot by Marcus Foligno.
13:00 of 3rd period - Stopped by Sergei Bobrovsky with a rebound.
13:02 of 3rd period - Snap shot by Travis Zajac.
13:02 of 3rd period - Deflect By Marcus Foligno.
13:02 of 3rd period - Stopped by Sergei Bobrovsky with a rebound.
13:04 of 3rd period - Slapshot by Tyson Barrie.
13:04 of 3rd period - Deflect By Kevin Labanc.
13:04 of 3rd period - Shot Misses the Net.
13:04 of 3rd period - Puck is out of play.
13:05 of 3rd period - Travis Zajac wins face-off versus Chandler Stephenson in Kraken zone.
13:09 of 3rd period - Minor Penalty to Chandler Stephenson for Roughing.
13:10 of 3rd period - Vincent Trocheck wins face-off versus Blake Lizotte in Kraken zone.
13:26 of 3rd period - Wrist shot by Mats Zuccarello.
13:26 of 3rd period - Goal by Mats Zuccarello - Panthers : 2 - Kraken : 5.
13:27 of 3rd period - Travis Zajac wins face-off versus Chandler Stephenson in neutral zone.
13:34 of 3rd period - Wrist shot by Kevin Labanc.
13:34 of 3rd period - Stopped by Sergei Bobrovsky without a rebound.
13:35 of 3rd period - Chandler Stephenson wins face-off versus Travis Zajac in Kraken zone.
13:49 of 3rd period - Off-side.
13:50 of 3rd period - Vincent Trocheck wins face-off versus Jack Hughes in neutral zone.
14:42 of 3rd period - Alex DeBrincat is hit by Sami Vatanen and loses puck.
14:56 of 3rd period - Icing by Chandler Stephenson.
14:57 of 3rd period - Alex DeBrincat wins face-off versus Vincent Trocheck in Kraken zone.
15:48 of 3rd period - Travis Zajac is hit by Zach Werenski and loses puck.
16:07 of 3rd period - Backhand shot by Marcus Foligno.
16:07 of 3rd period - Deflect By Zach Werenski.
16:07 of 3rd period - Goal by Marcus Foligno - Panthers : 3 - Kraken : 5.
16:08 of 3rd period - Tyler Johnson wins face-off versus Vincent Trocheck in neutral zone.
16:34 of 3rd period - Josh Archibald is hit by Chandler Stephenson.
16:38 of 3rd period - Slapshot by Josh Archibald.
16:38 of 3rd period - Stopped by Sergei Bobrovsky with a rebound.
16:40 of 3rd period - Slapshot by Nathan Beaulieu.
16:40 of 3rd period - Deflect By Joshua Norris.
16:40 of 3rd period - Shot Blocked by Alex DeBrincat.
16:40 of 3rd period - Puck is out of play.
16:41 of 3rd period - Chandler Stephenson wins face-off versus Travis Zajac in Kraken zone.
16:41 of 3rd period - Chandler Stephenson is hit by Nathan Beaulieu.
17:17 of 3rd period - Snap shot by Tyler Johnson.
17:17 of 3rd period - Stopped by Pekka Rinne with a rebound.
17:31 of 3rd period - Snap shot by Conor Garland.
17:31 of 3rd period - Stopped by Pekka Rinne without a rebound.
17:32 of 3rd period - Travis Zajac wins face-off versus Jack Hughes in Panthers zone.
17:34 of 3rd period - Minor Penalty to Marcus Foligno for Hooking.
17:35 of 3rd period - Alex DeBrincat wins face-off versus Vincent Trocheck in Panthers zone.
17:35 of 3rd period - Wrist shot by Kirill Kaprizov.
17:35 of 3rd period - Stopped by Pekka Rinne without a rebound.
17:36 of 3rd period - Vincent Trocheck wins face-off versus Chandler Stephenson in Panthers zone.
18:11 of 3rd period - Snap shot by Conor Garland.
18:11 of 3rd period - Goal by Conor Garland - Panthers : 3 - Kraken : 6.
18:12 of 3rd period - Jack Hughes wins face-off versus Travis Zajac in neutral zone.
18:22 of 3rd period - Wrist shot by Conor Garland.
18:22 of 3rd period - Shot Blocked by Tyson Barrie.
18:24 of 3rd period - Snap shot by Andrew Mangiapane.
18:24 of 3rd period - Stopped by Pekka Rinne with a rebound.
19:01 of 3rd period - Wrist shot by Joshua Norris.
19:01 of 3rd period - Shot Blocked by Colin White.
19:27 of 3rd period - Snap shot by Kevin Labanc.
19:27 of 3rd period - Stopped by Sergei Bobrovsky without a rebound.
19:28 of 3rd period - Vincent Trocheck wins face-off versus Chandler Stephenson in Kraken zone.
Goals for this period are 2 for Panthers vs 1 for Kraken.
Shots for this period are 11 for Panthers vs 10 for Kraken.